 Dungeon Sprint DCSS version 0.30.1-9-gdf580d7c3d (webtiles) character file.

Game seed: 10448483326490092981

16036 Heoruswealwe the Phalangite (level 12, -3/128 HPs)
             Began as a Minotaur Fighter on Sept 29, 2023.
             Was an Initiate of Gozag.
             Killed by divine providence
             ... invoked by an orc high priest
              (7 damage)
             ... in the Dungeon (Sprint IX: "|||||||||||||||||||||||||||||").
             The game lasted 00:16:03 (1760 turns).

Heoruswealwe the Phalangite (Minotaur Fighter)      Turns: 1760, Time: 00:16:03

Health: -3/128     AC: 31    Str: 29    XL:     12   Next: 6%
Magic:  11/11      EV:  8    Int:  5    God:    Gozag
Gold:   6447       SH:  0    Dex: 10    Spells: 11/11 levels left

rFire   . . .        b - +2 halberd (protect)
rCold   . . .        (shield currently unavailable)
rNeg    . . .        c - +0 plate armour
rPois   .            (helmet restricted)
rElec   .            h - +0 cloak
rCorr   .            f - +0 pair of gloves
SInv    .            e - +0 pair of boots
Will    .....        (no amulet) Stlth
                     k - +3 ring of strength
HPRegen 0.41/turn    (no ring)
MPRegen 0.12/turn

%: no teleportation
@: gold aura, under a protective aura
A: horns 2, retaliatory headbutt
a: Renounce Religion, Potion Petition, Call Merchant, Bribe Branch


You were in the Dungeon.
You worshipped Gozag.
Gozag was greatly pleased with you.
You visited 1 branch You collected 6447 gold pieces.

Inventory:

Hand Weapons
 a - a +0 trident
 b - a +2 halberd of protection (weapon)
 o - a +0 glaive
Armour
 c - a +0 plate armour (worn)
 d - a +0 buckler
 e - a +0 pair of boots (worn)
 f - a +0 pair of gloves (worn)
 h - a +0 cloak (worn)
Jewellery
 k - a +3 ring of strength (left hand)
Wands
 r - a wand of quicksilver (10)
 s - a wand of paralysis (9)
Scrolls
 q - 2 scrolls of enchant armour
Potions
 l - a potion of resistance
 m - 3 potions of curing
 n - a potion of might
 p - a potion of mutation


   Skills:
 + Level 18.7 Fighting
 * Level 25.0 Polearms
 + Level 18.7 Armour
 - Level 3.6 Shields


You had 11 spell levels left.
You didn't know any spells.
Your spell library was empty.

Dungeon Overview and Level Annotations

Branches:
Dungeon (1/1)

Altars:
Cheibriados
Dithmenos
Elyvilon
Fedhas
Gozag
Hepliaklqana
Kikubaaqudgha
Makhleb
Nemelex Xobeh
Okawaru
Qazlal
Ru
Sif Muna
Trog
Uskayaw
Vehumet
Wu Jian
Xom
Yredelemnul
Zin
The Shining One
Jiyva
Lugonu

Shops:
D *!*?


Innate Abilities, Weirdness & Mutations

You have a pair of horns on your head.
You reflexively headbutt those who attack you in melee.


Message History

The orc high priest hits you but does no damage.
You puncture the orc high priest! You headbutt the orc high priest.
The orc high priest is heavily wounded.
The ice devil completely misses you.
You hit the orc high priest but do no damage.
You headbutt the orc high priest.
The orc high priest is heavily wounded.
The orc high priest is distracted by your dazzling golden aura.
The orc high priest hits you but does no damage.
The ice devil hits you!
* * * LOW HITPOINT WARNING * * *
The ice devil freezes you!!
* * * LOW HITPOINT WARNING * * *
You closely miss the orc high priest.
The orc high priest is heavily wounded.
The orc high priest shouts!
The orc high priest is no longer distracted by gold.
The orc high priest hits you but does no damage.
The orc high priest is distracted by your dazzling golden aura.
The orc high priest shouts!
You puncture the orc high priest!
Your headbutt misses the orc high priest.
The orc high priest is severely wounded.
The ice devil hits you but does no damage.
You slice the orc high priest!!
You kill the orc high priest!
The ice devil disappears in a puff of smoke! x2
Your Polearms skill increases to level 25!
Reach: b) +2 halberd (protect)
Press: ? - help, Dir - move target, f - orc high priest
Aim: an orc high priest, wielding a +0 mace (about 31% to evade your +2 halberd of protection)
You reach to attack!
You hit the orc high priest but do no damage.
The orc high priest is no longer distracted by gold.
You hit the orc high priest but do no damage.
You closely miss the orc high priest.
The orc high priest calls down the wrath of Beogh upon you.
Beogh smites you!
You die...
Your body crumbles into a pile of gold.

▓.▓.▓.▓.▓)▓
▓.▓.▓.▓.▓.▓
▓.▓.▓.▓.▓.▓
▓.▓.▓'▓.▓.▓
▓.▓.▓.▓.▓†▓
▓.▓.▓.▓.▓.▓
▓.▓.▓.▓.▓)▓
▓.▓.▓.▓.▓.▓
▓.▓@▓.▓.▓!▓
▓.▓o▓.▓.▓.▓
▓.§o▓...▓<▓
▓▓▓▓▓▓▓▓▓▓▓


You could see 2 orc high priests.

Vanquished Creatures
  Erolcha (D)
  2 centaur warriors (D)
  A tengu warrior (D)
  8 orc high priests (D)
  4 orc knights (D)
  Maurice (D)
  2 black mambas (D)
  3 cane toads (D)
  A torpor snail (D)
  A komodo dragon (D)
  3 trolls (D)
  6 polar bears (D)
  2 wyverns (D)
  2 basilisks (D)
  2 yaks (D)
  3 water moccasins (D)
  12 orc warriors (D)
  4 black bears (D)
  A phantom (D)
  A bullfrog (D)
  A scorpion (D)
  A wight (D)
  2 killer bees (D)
  A howler monkey (D)
  A hound (D)
  6 orc priests (D)
  2 orc wizards (D)
  A white imp (D)
  6 orcs (D)
  A giant cockroach (D)
  A goblin (D)
  2 bats (D)
  A kobold (D)
86 creatures vanquished.

Notes
Turn   | Place    | Note
-------+----------+-------------------------------------------
     0 | D        | Heoruswealwe the Minotaur Fighter began the quest for the
                  | Orb.
     0 | D        | Reached XP level 1. HP: 19/19 MP: 0/0
     9 | D        | Reached skill level 3 in Polearms
    40 | D        | Noticed an orc wizard
    40 | D        | Noticed a phantom
    40 | D        | Noticed a scorpion
    40 | D        | Noticed a hound
    41 | D        | Killed a hound
    42 | D        | Reached skill level 5 in Fighting
    42 | D        | Reached skill level 5 in Polearms
    42 | D        | Reached skill level 5 in Armour
    42 | D        | Reached XP level 2. HP: 28/29 MP: 1/1
    42 | D        | Reached XP level 3. HP: 35/36 MP: 2/2
    48 | D        | Killed a scorpion
    49 | D        | Reached skill level 7 in Polearms
    49 | D        | Reached XP level 4. HP: 37/45 MP: 3/3
    52 | D        | Reached skill level 8 in Polearms
    60 | D        | Killed a phantom
    61 | D        | Reached skill level 9 in Polearms
    61 | D        | Reached XP level 5. HP: 23/52 MP: 4/4
    64 | D        | Reached skill level 10 in Polearms
    70 | D        | Found a snail-covered altar of Cheibriados.
    70 | D        | Found a shadowy altar of Dithmenos.
    70 | D        | Found a white marble altar of Elyvilon.
    70 | D        | Found a blossoming altar of Fedhas.
    70 | D        | Found an opulent altar of Gozag.
    71 | D        | Found a hazy altar of Hepliaklqana.
    72 | D        | Found a viscous altar of Jiyva.
    73 | D        | Found an ancient bone altar of Kikubaaqudgha.
    74 | D        | Found a corrupted altar of Lugonu.
    75 | D        | Found a burning altar of Makhleb.
    76 | D        | Found a sparkling altar of Nemelex Xobeh.
    77 | D        | Found an iron altar of Okawaru.
    78 | D        | Became a worshipper of Gozag Ym Sagoz the Greedy
    79 | D        | Found a stormy altar of Qazlal.
    80 | D        | Found a sacrificial altar of Ru.
    81 | D        | Found a shimmering blue altar of Sif Muna.
    82 | D        | Found a bloodstained altar of Trog.
    83 | D        | Found a hide-covered altar of Uskayaw.
    84 | D        | Found a radiant altar of Vehumet.
    85 | D        | Found an ornate altar of the Wu Jian Council.
    86 | D        | Found a shimmering altar of Xom.
    87 | D        | Found a basalt altar of Yredelemnul.
    88 | D        | Found a glowing silver altar of Zin.
    89 | D        | Found a glowing golden altar of the Shining One.
   166 | D        | Noticed a troll
   166 | D        | Noticed an orc warrior
   174 | D        | Killed an orc warrior
   175 | D        | Reached skill level 11 in Polearms
   175 | D        | Reached XP level 6. HP: 37/62 MP: 5/5
   177 | D        | Killed a troll
   178 | D        | Reached skill level 13 in Polearms
   178 | D        | Reached XP level 7. HP: 29/71 MP: 6/6
   179 | D        | Reached skill level 10 in Fighting
   179 | D        | Reached skill level 10 in Armour
   331 | D        | Noticed a troll
   331 | D        | Noticed a troll
   331 | D        | Noticed a centaur warrior
   331 | D        | Noticed a basilisk
   331 | D        | Noticed a tengu warrior
   331 | D        | Noticed a centaur warrior
   340 | D        | Killed a centaur warrior
   341 | D        | Reached skill level 15 in Polearms
   341 | D        | Reached XP level 8. HP: 55/82 MP: 7/7
   362 | D        | Killed a tengu warrior
   363 | D        | Reached skill level 16 in Polearms
   378 | D        | Reached XP level 9. HP: 42/92 MP: 8/8
   380 | D        | Killed a centaur warrior
   381 | D        | Reached skill level 17 in Polearms
   385 | D        | Killed a troll
   386 | D        | Reached skill level 18 in Polearms
   387 | D        | Killed a troll
   617 | D        | Noticed Erolcha
   622 | D        | Killed Erolcha
   623 | D        | Reached skill level 19 in Polearms
   691 | D        | Noticed a black mamba
   691 | D        | Noticed a cane toad
   700 | D        | Noticed a cane toad
   703 | D        | Reached XP level 10. HP: 104/104 MP: 9/9
   707 | D        | Killed a cane toad
   713 | D        | Killed a black mamba
   719 | D        | Reached skill level 20 in Polearms
   723 | D        | Reached skill level 15 in Armour
   725 | D        | Killed a cane toad
   726 | D        | Reached skill level 15 in Fighting
   816 | D        | Noticed a cane toad
   816 | D        | Noticed a torpor snail
   820 | D        | Killed a torpor snail
   825 | D        | Killed a cane toad
   829 | D        | Noticed a black mamba
   836 | D        | Reached skill level 21 in Polearms
   850 | D        | Killed a black mamba
  1024 | D        | Reached XP level 11. HP: 115/115 MP: 10/10
  1029 | D        | Reached skill level 22 in Polearms
  1128 | D        | Noticed Maurice
  1136 | D        | Killed Maurice
  1189 | D        | Noticed an orc knight
  1190 | D        | Noticed an orc knight
  1208 | D        | Killed an orc knight
  1214 | D        | Killed an orc knight
  1403 | D        | Noticed an orc knight
  1412 | D        | Killed an orc knight
  1413 | D        | Reached skill level 23 in Polearms
  1413 | D        | Noticed an orc knight
  1422 | D        | Noticed an orc high priest
  1427 | D        | Noticed an orc high priest
  1433 | D        | Killed an orc knight
  1450 | D        | Noticed a soul eater
  1458 | D        | Killed an orc high priest
  1463 | D        | Killed an orc high priest
  1647 | D        | Found Moakle's Magic Scroll Boutique.
  1647 | D        | Noticed an orc high priest
  1647 | D        | Noticed an orc high priest
  1656 | D        | Noticed an orc high priest
  1660 | D        | Killed an orc high priest
  1661 | D        | Reached skill level 24 in Polearms
  1666 | D        | Killed an orc high priest
  1668 | D        | Found Ruc Jenoghi's Assorted Antiques.
  1671 | D        | Found Gety's Distillery.
  1676 | D        | Found Cemiej's Assorted Antiques.
  1678 | D        | Killed an orc high priest
  1680 | D        | Noticed an orc high priest
  1680 | D        | Noticed an orc high priest
  1681 | D        | Noticed an orc high priest
  1682 | D        | Noticed an orc high priest
  1683 | D        | Noticed an orc high priest
  1688 | D        | Killed an orc high priest
  1746 | D        | Killed an orc high priest
  1747 | D        | Reached XP level 12. HP: 33/128 MP: 11/11
  1754 | D        | HP: 3/128 [ice devil[an orc high priest] (21)]
  1757 | D        | Killed an orc high priest
  1758 | D        | Reached skill level 25 in Polearms
  1760 | D        | Killed from afar by an orc high priest

Illustrated notes

Levels and vault maps discovered:
D:        linesprint [early_d, line_temple, items_1, d_10, items_2, lair_1,
          lair_end, items_3, orc_1, orc_end, items_4, d_15, swamp_1, shoals_1,
          snake_1, spider_1, d_20, vaults_1, items_5, swamp_end, shoals_end,
          snake_end, spider_end, vaults_end, d_27, items_6, zot_1, zot_end,
          crypt_end, forest_end, elf_end, slime_end, tomb_end, abyss_end,
          pan_hell_end]

Skill      XL: |  1  2  3  4  5  6  7  8  9 10 11 12 |
---------------+-------------------------------------+-----
Polearms       | 5 7 9 11 13 15 16 19 21 24 25 | 25.0
Fighting       | 5 6 7 8 9 11 12 14 16 18 | 18.7
Armour         | 5 6 7 8 9 11 12 14 16 18 | 18.7
Shields        | |  3.6

Action                     |  1- 3 |  4- 6 |  7- 9 | 10-12 || total
---------------------------+-------+-------+-------+-------++-------
  Melee: Trident           |    30 |    15 |       |       ||    45
         Headbutt          |     3 |     4 |     7 |    41 ||    55
         Halberd           |       |     9 |    63 |   230 ||   302
    Use: Potion            |     1 |       |     4 |     5 ||    10
         Scroll            |       |       |       |     5 ||     5
   Stab: Distracted        |       |       |       |     2 ||     2
 Armour: Scale mail        |    19 |    13 |       |       ||    32
         Plate armour      |       |       |    49 |    88 ||   137
  Dodge: Dodged            |    11 |     7 |    20 |    55 ||    93
  Block: Buckler           |     1 |       |       |       ||     1
